 Dungeon Sprint DCSS version 0.28-a0-863-g8cecda6153 (webtiles) character file.

Game seed: 9896253251732300129

1831 emperorscorpion the Thaumaturge (level 9, -18/60 HPs)
             Began as a Djinni Air Elementalist on Nov 16, 2021.
             Was a Believer of Makhleb.
             Shot with an arrow by a centaur warrior (24 damage)
             ... in the Dungeon (Sprint IX: "|||||||||||||||||||||||||||||").
             The game lasted 00:04:37 (969 turns).

emperorscorpion the Thaumaturge (DjAE)               Turns: 969, Time: 00:04:37

Health: -18/60     AC:  4    Str:  7    XL:     9   Next: 33%
Gold:   0          EV: 18    Int: 22    God:    Makhleb [**....] SH:  0 Dex: 15

rFire   + + .      SeeInvis .   i - +2 halberd (protect)
rCold   x . .      Faith    .   (shield currently unavailable)
rNeg    . . .      Spirit   .   a - +0 robe
rPois   ∞          Reflect  .   (no helmet)
rElec   .          Harm     .   (no cloak)
rCorr   .          Rampage  .   j - +0 pair of gloves
Will    .....      NoTele   +   (boots unavailable)
Stlth   ++........              (no amulet)
HPRegen 0.20/turn               l - +3 ring of intelligence
MPRegen 0.00/turn               m - +2 ring of evasion

@: swift, flying, quick
A: sickness immunity, fire resistance 2, cold vulnerability 1, float, innate
caster, hp casting, extra vitality 1
a: Renounce Religion, Minor Destruction


You were in the Dungeon.
You worshipped Makhleb.
Makhleb was pleased with you.
You visited 1 branch

Inventory:

Hand Weapons
 g - a +0 dagger
 i - a +2 halberd of protection (weapon)
Armour
 a - a +0 robe (worn)
 j - a +0 pair of gloves (worn)
 k - a +1 chain mail
Jewellery
 l - a +3 ring of intelligence (left hand)
 m - a +2 ring of evasion (right hand)
Scrolls
 f - a scroll of blinking
Potions
 b - 5 potions of curing
 c - a potion of heal wounds
 d - a potion of haste
 e - a potion of invisibility


   Skills:
 + Level 3.1 Fighting
 - Level 0.9 Short Blades
 * Level 8.6 Armour
 + Level 8.0 Dodging
 - Level 2.6 Stealth
 + Level 12.0 Spellcasting
 * Level 3.6 Invocations
 + Level 2.9 Evocations


You had 14 spell levels left.
You knew the following spells:

 Your Spells              Type           Power      Damage    Failure   Level
a - Shock                 Conj/Air       100%       1d9       1%          1
b - Static Discharge      Conj/Air       60%        N/A       1%          2
c - Swiftness             Air            60%        N/A       1%          3
d - Airstrike             Air            30%        N/A       1%          4
e - Slow                  Hex            100%       N/A       1%          1
f - Blink                 Tloc           100%       N/A       1%          2
g - Passwall              Tmut/Erth      50%        N/A       1%          2
h - Inner Flame           Hex/Fire       60%        N/A       1%          3
Your spell library was empty.

Dungeon Overview and Level Annotations

Branches:
Dungeon (1/1)

Altars:
Cheibriados
Dithmenos
Elyvilon
Fedhas
Gozag
Hepliaklqana
Kikubaaqudgha
Makhleb
Nemelex Xobeh
Okawaru
Qazlal
Ru
Sif Muna
Trog
Uskayaw
Vehumet
Wu Jian
Xom
Yredelemnul
Zin
The Shining One
Beogh
Jiyva
Lugonu


Innate Abilities, Weirdness & Mutations

You are immune to sickness and miasma.
You are immune to poison.
Your flesh is very heat resistant. (rF++)
You are vulnerable to cold. (rC-)
You float through the air rather than walking.
You learn spells naturally, not from books.
Your magical power is your life essence.
You have superior vitality. (+4 HP)


Message History

Increase (S)trength, (I)ntelligence, or (D)exterity?
You feel agile.
The power to cast Inner Flame wells up from within.
Spell assigned to 'h'.
You aren't carrying any items that you can evoke.
The centaur warrior shoots an arrow.
The arrow hits you!!
There is a basalt altar of Yredelemnul here.
You aren't carrying any items that you can evoke.
Unknown command.
Press < or > to pray at altars.
Casting: Shock (safe; 1% risk of failure)
Confirm with . or Enter, or press ? or * to list all spells.
Aiming: Shock (safe; 1% risk of failure)
Press: ? - help, Shift-Dir - straight line, f - centaur warrior
Aim: a centaur warrior, wielding a +0 longbow and quivering arrows (81% to hit)
The zap hits the centaur warrior.
The centaur warrior is lightly wounded.
The zap misses the brown ugly thing.
Unknown command.
Press < or > to pray at altars.
Casting: Shock (safe; 1% risk of failure)
Confirm with . or Enter, or press ? or * to list all spells.
Aiming: Shock (safe; 1% risk of failure)
Press: ? - help, Shift-Dir - straight line, f/p - centaur warrior
Aim: a centaur warrior, wielding a +0 longbow and quivering arrows (lightly wounded, 81% to hit)
The zap hits the centaur warrior.
The centaur warrior is lightly wounded.
The zap hits the brown ugly thing.
The brown ugly thing is lightly wounded.
The centaur warrior shoots an arrow.
The arrow hits you!!
* * * LOW HITPOINT WARNING * * *
The centaur warrior shoots an arrow.
The arrow misses you.
Unknown command.
Press < or > to pray at altars.
You feel much better.
The centaur warrior shoots an arrow.
The arrow hits you!!
* * * LOW HITPOINT WARNING * * *
You feel much better.
The centaur warrior shoots an arrow.
The arrow hits you!!
* * * LOW HITPOINT WARNING * * *
The centaur warrior shoots an arrow.
The arrow hits you!!
You die... ▓▓▓▓▓▓▓▓▓▓▓▓▓▓▓▓▓▓▓▓▓▓▓▓▓▓▓▓▓▓▓▓▓ ________________@__'!cuy÷)c.c)..u ▓▓▓▓▓▓▓▓▓▓▓▓▓▓▓▓▓▓▓▓▓▓▓▓▓▓▓▓▓▓▓▓▓

You could see a brown ugly thing, a centaur warrior and a meliai.

Vanquished Creatures
  A hydra (D)
  A two-headed ogre (D)
  2 yaks (D)
  An orc warrior (D)
  A centaur (D)
  A hound (D)
  An orc wizard (D)
  A gnoll (D)
  An adder (D)
  An adder zombie (D)
  A bat zombie (D)
  2 goblins (D)
  A ball python (D)
  2 rats (D)
17 creatures vanquished.

Vanquished Creatures (others)
  A shadow (D)
1 creature vanquished.

Grand Total: 18 creatures vanquished

Notes
Turn   | Place    | Note
-------+----------+-------------------------------------------
     0 | D        | emperorscorpion the Djinni Air Elementalist began the quest
                  | for the Orb.
     0 | D        | Reached XP level 1. HP: 15/15 MP: 0/0
     5 | D        | Reached skill level 3 in Spellcasting
    61 | D        | Noticed a hound
    67 | D        | Reached skill level 4 in Spellcasting
    67 | D        | Reached XP level 2. HP: 1/21 MP: 0/0
   349 | D        | Reached XP level 3. HP: 20/25 MP: 0/0
   349 | D        | Learned a level 1 spell: Slow
   407 | D        | Reached skill level 5 in Spellcasting
   407 | D        | Reached XP level 4. HP: 30/31 MP: 0/0
   425 | D        | Found a snail-covered altar of Cheibriados.
   425 | D        | Found a shadowy altar of Dithmenos.
   425 | D        | Found a white marble altar of Elyvilon.
   425 | D        | Found a blossoming altar of Fedhas.
   425 | D        | Found an opulent altar of Gozag.
   426 | D        | Found a hazy altar of Hepliaklqana.
   427 | D        | Found a viscous altar of Jiyva.
   429 | D        | Found a corrupted altar of Lugonu.
   430 | D        | Found a burning altar of Makhleb.
   431 | D        | Found a sparkling altar of Nemelex Xobeh.
   432 | D        | Found an iron altar of Okawaru.
   433 | D        | Found a stormy altar of Qazlal.
   434 | D        | Found a sacrificial altar of Ru.
   436 | D        | Found a bloodstained altar of Trog.
   437 | D        | Found a hide-covered altar of Uskayaw.
   438 | D        | Became a worshipper of Makhleb the Destroyer
   440 | D        | Found an ornate altar of the Wu Jian Council.
   441 | D        | Found a shimmering altar of Xom.
   442 | D        | Found a basalt altar of Yredelemnul.
   443 | D        | Found a glowing silver altar of Zin.
   444 | D        | Found a glowing golden altar of the Shining One.
   652 | D        | Noticed a centaur
   652 | D        | Noticed a two-headed ogre
   652 | D        | Noticed an orc warrior
   652 | D        | Noticed a yak
   652 | D        | Noticed a yak
   658 | D        | Reached skill level 1 in Armour
   658 | D        | Killed a centaur
   659 | D        | Reached skill level 1 in Fighting
   659 | D        | Reached skill level 7 in Spellcasting
   659 | D        | Reached XP level 5. HP: 15/37 MP: 0/0
   659 | D        | Learned a level 2 spell: Blink
   664 | D        | Killed a two-headed ogre
   664 | D        | Reached * piety under Makhleb
   665 | D        | Reached skill level 10 in Spellcasting
   665 | D        | Reached skill level 1 in Evocations
   665 | D        | Reached XP level 6. HP: 14/45 MP: 0/0
   665 | D        | Reached XP level 7. HP: 15/49 MP: 0/0
   665 | D        | Learned a level 2 spell: Passwall
   665 | D        | Reached XP level 8. HP: 17/55 MP: 0/0
   668 | D        | Killed a yak
   672 | D        | Killed a yak
   674 | D        | Reached ** piety under Makhleb
   675 | D        | Reached skill level 11 in Spellcasting
   940 | D        | Noticed a seven-headed hydra
   940 | D        | Noticed a shadow
   940 | D        | Noticed a centaur warrior
   940 | D        | Noticed a brown ugly thing
   940 | D        | Noticed a meliai
   940 | D        | Noticed a centaur warrior
   964 | D        | Killed a seven-headed hydra
   964 | D        | Killed a shadow
   965 | D        | Reached skill level 12 in Spellcasting
   965 | D        | Reached XP level 9. HP: 57/60 MP: 0/0
   965 | D        | Learned a level 3 spell: Inner Flame
   969 | D        | Shot with an arrow by a centaur warrior

Illustrated notes

Levels and vault maps discovered:
D:        linesprint [early_d, line_temple, items_1, d_10, items_2, lair_1,
          lair_end, items_3, orc_1, orc_end, items_4, d_15, swamp_1, shoals_1,
          snake_1, spider_1, d_20, vaults_1, items_5, swamp_end, shoals_end,
          snake_end, spider_end, vaults_end, d_27, items_6, zot_1, zot_end,
          crypt_end, forest_end, elf_end, slime_end, tomb_end, abyss_end,
          pan_hell_end]

Skill      XL: |  1  2  3  4  5  6  7  8 |
---------------+-------------------------+-----
Spellcasting   | 4 5 7 10 12 | 12.0
Stealth        | 2 |  2.6
Dodging        | 3 4 7 8 |  8.0
Armour         | 3 6 8 |  8.6
Fighting       | 1 2 3 |  3.1
Evocations     | 1 2 |  2.9
Invocations    | 3 |  3.6
Short Blades   | |  0.9

Action                   |  1- 3 |  4- 6 |  7- 9 || total
-------------------------+-------+-------+-------++-------
Melee: Dagger            |     8 |     3 |       ||    11
 Cast: Shock             |    11 |     7 |     8 ||    26
       Static Discharge  |       |     2 |       ||     2
       Blink             |       |     2 |     3 ||     5
       Swiftness         |       |       |     1 ||     1
Evoke: Wand              |       |     2 |     8 ||    10
  Use: Scroll            |     1 |       |       ||     1
       Potion            |     1 |       |     2 ||     3
Armor: Robe              |     1 |     8 |       ||     9
Dodge: Dodged            |     6 |     9 |     2 ||    17

Table legend: (Time is in decaauts)
 A = Elapsed time spent in this place.
 B = Non-inter-level travel time spent in this place.
 C = Inter-level travel time spent in this place.
 D = Time resting spent in this place.
 E = Time spent auto-exploring this place.
 F = Levels seen in this place.
 G = Mean time per level.
                   A        B        C        D        E       F      G
               +--------+--------+--------+--------+--------+-----+--------+
         Total |    975 |    975 |      0 |    784 |      0 |   1 |  975.0 |
       Dungeon |    975 |    975 |      0 |    784 |      0 |   1 |  975.0 |
               +--------+--------+--------+--------+--------+-----+--------+

Top non-repeatable levels by time:
       D: 975 daAuts
